 Dungeon Crawl Stone Soup version 0.19-a0-1673-g1c1b307 (webtiles) character file.

389397 DeloreanTremens the Minotaur Blade (level 22, -5/215 HPs)
             Began as a Minotaur Fighter on Sept 22, 2016.
             Was the Champion of Okawaru.
             Killed from afar by a titan (40 damage)
             ... with a bolt of lightning
             ... on level 5 of the Vaults on Sept 23, 2016.
             The game lasted 05:30:39 (53583 turns).

DeloreanTremens the Minotaur Blade (MiFi)          Turns: 53583, Time: 05:30:39

Health: -5/215     AC: 43    Str: 33    XL:     22   Next: 6%
Magic:  29/29      EV: 19    Int:  5    God:    Okawaru [******]
Gold:   2599       SH: 16    Dex: 23    Spells: 0 memorised, 21 levels left

rFire  . . .     SeeInvis +     j - +7 demon blade (freeze)
rCold  + . .     Gourm    .     J - +5 crystal plate armour of the Invisible Hand {Dex+3}
rNeg   . . .     Faith    +     y - +0 shield {rC+}
rPois  +         Spirit   .     V - +2 hat
rElec  .         Dismiss  .     I - +1 cloak {rPois}
rCorr  .         Reflect  .     l - +0 pair of gloves {Str+3}
MR     +....     Harm     .     b - +3 pair of boots of Henotheism {Str+6}
Stlth  ..........               C - amulet of faith
                                Z - ring "Wobah" {rPois Dex+3 Slay+2 SInv}
                                X - +4 ring of slaying

@: drained
A: retaliatory headbutt, horns 2
a: Heroism, Finesse, Renounce Religion
}: 2/15 runes: decaying, serpentine


You were on level 5 of the Vaults.
You worshipped Okawaru.
Okawaru was exalted by your worship.
You were hungry.

You visited 7 branches of the dungeon, and saw 37 of its levels.
You also visited: Sewer.

You collected 4290 gold pieces.
You spent 1691 gold pieces at shops.

Inventory:

Hand Weapons
 j - a +7 demon blade of freezing (weapon)
 u - a +4 scimitar of flaming
Missiles
 z - 31 tomahawks (quivered)
Armour
 b - the +3 pair of boots of Henotheism (worn) {Str+6}
   (You acquired it on level 1 of the Snake Pit)

   It affects your strength (+6).
 l - a +0 pair of gloves of strength (worn)
 y - a +0 shield of cold resistance (worn)
 I - a +1 cloak of poison resistance (worn)
 J - the +5 crystal plate armour of the Invisible Hand (worn) {Dex+3}
   (Okawaru gifted it to you on level 5 of the Vaults)

   It affects your dexterity (+3).
 V - a +2 hat (worn)
Jewellery
 p - an uncursed ring of resist corrosion
 C - an amulet of faith (around neck)
 D - an uncursed ring of protection from magic
 N - an uncursed ring of protection from fire
 X - a +4 ring of slaying (left hand)
 Z - the ring "Wobah" (right hand) {rPois Dex+3 Slay+2 SInv}
   (You found it on level 3 of the Snake Pit)

   [ring of see invisible]

   It affects your dexterity (+3).
   It affects your accuracy and damage with ranged weapons and melee attacks
   (+2).
   It protects you from poison.
   It lets you see invisible.
Wands
 a - a wand of digging (17/24)
 i - a wand of iceblast (4/15)
 k - a wand of lightning (6/15)
 o - a wand of disintegration (10/24)
 w - a wand of confusion (32/48)
 K - a wand of acid (7/15)
 O - a wand of slowing (29/48)
 W - a wand of lightning (0/15)
Scrolls
 m - 10 scrolls of identify
 s - a scroll of enchant armour
 t - 8 scrolls of magic mapping
 v - 5 scrolls of recharging
 H - 17 scrolls of remove curse
 L - 3 scrolls of teleportation
 Q - 6 scrolls of fear
 U - a scroll of summoning
Potions
 d - 3 potions of might
 e - 4 potions of flight
 g - a potion of haste
 x - 5 potions of cure mutation
 A - a potion of berserk rage
 B - 3 potions of curing
 E - 2 potions of resistance
 F - 3 potions of brilliance
 S - 4 potions of invisibility
 T - a potion of magic
 Y - 2 potions of agility
Comestibles
 c - 8 chunks of flesh
 f - 16 bread rations
 h - 13 meat rations
 n - 16 beef jerkies
 q - 38 fruits
 P - 7 slices of pizza
 R - 2 royal jellies


   Skills:
 + Level 21.8(20.3) Fighting
 + Level 22.2(20.8) Long Blades
 + Level 21.1(19.7) Armour
 + Level 17.4(16.1) Dodging
 - Level 15.0(13.8) Shields
 - Level 11.0(9.9) Invocations


You had 21 spell levels left.
You didn't know any spells.

Dungeon Overview and Level Annotations

Branches:
Dungeon (15/15)            Temple (1/1) D:6            Lair (6/6) D:9
  Swamp (4/4) Lair:3        Snake (4/4) Lair:4        Slime (0/5) Lair:6
    Orc (2/2) D:9             Elf (0/3) Orc:2        Vaults (5/5) D:14
  Crypt (0/3) Vaults:2     Depths (0/5) D:15

Altars:
Ashenzari
Cheibriados
Dithmenos
Elyvilon
Fedhas
Gozag
Hepliaklqana
Kikubaaqudgha
Makhleb
Nemelex Xobeh
Okawaru
Qazlal
Ru
Sif Muna
Trog
Uskayaw
Vehumet
Xom
Yredelemnul
Zin
The Shining One
Beogh

Shops:
D:10 (   D:13 }   Orc:2 ?::[   Snake:1 *   Snake:2 }}==

Portals:
Trove: D:10 (give +5 ice dragon armour)

Annotations:
Lair:4 exclusion: 2 oklob plants


Innate Abilities, Weirdness & Mutations

You reflexively headbutt those who attack you in melee.
You have a pair of horns on your head.


Message History

The battleaxe of chopping completely misses you.
The sentinel's mark upon you fades away.
Found a dagger.
There is an open door here.
Found a paperback book and 3 fruits.
The battleaxe of chopping hits you but does no damage.
There is an open door here.
You block the battleaxe of chopping's attack.
You slice the battleaxe of chopping!! You freeze the battleaxe of chopping.
Your headbutt misses the battleaxe of chopping.
The battleaxe of chopping is almost destroyed.
You closely miss the battleaxe of chopping.
The battleaxe of chopping is almost destroyed.
The battleaxe of chopping hits you but does no damage.
You slice the battleaxe of chopping!!
The battleaxe of chopping falls from the air.
Okawaru accepts your kill. The titan casts a spell at you.
The bolt of lightning hits you!
You die...

######################
####
#......C.Z....@.......
....
#.......C.............
....
#...)#################
#... #......'#####
.... #..#Z###....###
#.#. #..#'#.......%##
#. #. ##.........)# #.
#. #..........# . #. #
#..Z.......## .. #.


You could see 2 titans and a stone giant zombie.

Vanquished Creatures
  An ancient lich (Vaults:5)
  Sojobo (Vaults:2)
  2 golden dragons (Vaults:5)
  2 large abominations (Vaults:5)
  Nikola (Vaults:3)
  2 tentacled monstrosities (Vaults:5)
  3 quicksilver dragons (Vaults:5)
  3 titans (Vaults:5)
  5 sphinxes
  Frances (Snake:1)
  A thorn hunter (Swamp:3)
  4 tengu reavers
  3 shadow dragons (Vaults:5)
  3 fire giants
  9 greater nagas
  Donald (Vaults:2)
  3 storm dragons
  8 vault wardens
  An orc warlord (Vaults:3)
  7 frost giants
  2 deep elf elementalists (Vaults:5)
  A ghoul (Vaults:2)
  4 very ugly things
  23 ironheart preservers
  2 small abominations (Vaults:5)
  7 stone giants
  2 war gargoyles (Vaults:3)
  An entropy weaver (shapeshifter) (Vaults:3)
  A deep elf demonologist (Vaults:4)
  Nessos (Lair:6)
  A vampire knight (Vaults:2)
  A deep elf annihilator (Vaults:5)
  A dire elephant (Lair:3)
  4 ettins (Vaults:5)
  A fire dragon (Vaults:3)
  18 ogre magi
  6 deep elf death magi
  10 yaktaur captains
  2 great orbs of eyes
  30 vault guards
  A deep elf high priest (Vaults:5)
  An ice dragon (shapeshifter) (D:15)
  2 ghost crabs
  An ice dragon (Vaults:3)
  16 naga warriors
  6 centaur warriors
  21 hydras
  Erica (D:9)
  A rakshasa (Vaults:1)
  4 catoblepae
  2 death knights (Vaults:2)
  A deep troll shaman (Vaults:1)
  6 anacondas
  13 death yaks (Lair:6)
  2 dancing weapons (Vaults:5)
  3 tengu warriors
  8 alligators
  3 deep troll earth magi
  6 naga sharpshooters
  7 shock serpents
  A titan zombie (Vaults:5)
  4 deep elf knights
  5 skeletal warriors (Vaults:2)
  8 deep trolls
  5 salamander mystics (Snake:4)
  A shadow wraith (Vaults:3)
  An unseen horror (D:13)
  The ghost of mandarbmax the Geomancer, a novice FoFi of Ru (D:7)
  3 spriggan druids
  2 flayed ghosts (Vaults:1)
  7 naga ritualists
  7 wizards
  3 necromancers
  3 shambling mangroves
  A glowing orange brain (Vaults:3)
  An unseen horror (shapeshifter) (Vaults:1)
  A sphinx zombie (Vaults:4)
  A phantasmal warrior (Vaults:5)
  15 hill giants
  17 ironbrand convokers
  9 deep elf archers
  13 swamp dragons
  3 lindwurms (Swamp:4)
  12 orc knights
  22 harpies
  2 harpies (shapeshifter) (D:14)
  An entropy weaver zombie (Vaults:1)
  12 ugly things
  3 wolf spiders
  18 mana vipers
  13 cyclopes
  A tengu skeleton (Vaults:5)
  5 orc sorcerers
  A hornet (shapeshifter) (D:14)
  23 deep elf magi
  4 hornets
  3 manticores
  29 elephants
  A frost giant skeleton (Vaults:4)
  15 salamanders
  33 black mambas
  16 vault sentinels
  7 guardian serpents
  23 naga magi
  A torpor snail (Lair:5)
  2 gargoyles
  16 spiny frogs
  A kobold demonologist (D:12)
  27 yaktaurs
  A tengu conjurer (D:14)
  7 freezing wraiths
  10 komodo dragons
  4 rime drakes
  3 polar bears
  16 trolls
  A merfolk (D:10)
  5 tyrant leeches
  31 two-headed ogres
  A polar bear (shapeshifter) (D:15)
  18 blink frogs
  10 hippogriffs
  20 slime creatures
  A two-headed ogre (shapeshifter) (D:13)
  3 bog bodies
  A stone giant simulacrum (Vaults:4)
  4 dream sheep (Lair:5)
  2 hippogriffs (shapeshifter)
  A redback (shapeshifter) (Vaults:2)
  An ettin zombie (Vaults:5)
  An ice dragon skeleton (Vaults:1)
  4 spriggans
  A vampire (D:15)
  3 shadows
  2 wraiths
  A basilisk (Lair:3)
  A hog (shapeshifter) (Vaults:4)
  2 wyverns
  57 yaks
  A golden eye (shapeshifter) (Vaults:5)
  A basilisk (shapeshifter) (Vaults:3)
  3 hungry ghosts
  24 vampire mosquitoes
  2 mottled dragons
  A warg (Orc:2)
  12 insubstantial wisps
  73 nagas
  A soldier ant (shapeshifter) (Vaults:2)
  12 swamp worms
  17 water moccasins
  12 porcupines
  4 ice beasts
  A black bear (Lair:4)
  2 phantoms
  33 orc warriors
  15 swamp drakes
  11 wasps
  7 sky beasts
  74 ogres
  A boggart (Vaults:3)
  18 centaurs
  7 crocodiles
  A human zombie (Vaults:1)
  9 big kobolds
  A human skeleton (Vaults:1)
  28 bullfrogs
  A gnoll sergeant (D:5)
  A wyvern zombie (D:12)
  A human simulacrum (Vaults:1)
  A scorpion (D:13)
  A vampire bat (D:6)
  13 killer bees
  9 wights
  4 howler monkeys
  An electric eel (D:6)
  7 crimson imps
  2 bullfrog zombies
  4 centaur zombies
  4 jellies
  A quasit (D:10)
  10 hounds
  21 orc priests
  2 bullfrog skeletons
  2 centaur skeletons
  4 gnoll shamans
  10 iguanas
  23 orc wizards
  7 worker ants
  2 hound skeletons
  A howler monkey zombie (D:11)
  A howler monkey skeleton (D:8)
  53 gnolls
  23 adders
  59 river rats
  A river rat (shapeshifter) (Vaults:5)
  3 shadow imps
  4 oozes (Sewer)
  10 worms
  3 dart slugs (D:1)
  5 leopard geckos
  106 orcs
  3 ball pythons
  19 bats
  10 giant cockroaches
  6 goblins
  8 hobgoblins
  27 jackals
  5 quokkas
  A ball python skeleton (D:4)
  A ball python zombie (D:5)
  5 frilled lizards
  33 kobolds
  12 rats
  A briar patch (Swamp:3)
  5 fungi
  9 plants
1815 creatures vanquished.

Vanquished Creatures (others)
  A necromancer (Vaults:1)
  A guardian serpent (Snake:4)
  A vampire mosquito (Swamp:3)
  A swamp drake (Swamp:2)
  An ogre (Vaults:3)
  An orc wizard (Vaults:3)
  A briar patch (Swamp:3)
  101 fungi
  55 plants
163 creatures vanquished.

Grand Total: 1978 creatures vanquished

Notes
Turn   | Place    | Note
-------+----------+-------------------------------------------
     0 | D:1      | DeloreanTremens the Minotaur Fighter began the quest for the Orb.
     0 | D:1      | Reached XP level 1. HP: 19/19 MP: 0/0
    51 | D:1      | Reached XP level 2. HP: 26/27 MP: 1/1
    96 | D:1      | Reached skill level 3 in Long Blades
   486 | D:1      | Reached XP level 3. HP: 33/33 MP: 2/2
   846 | D:1      | Reached skill level 4 in Long Blades
   966 | D:2      | Reached XP level 4. HP: 40/40 MP: 3/3
  1554 | D:2      | Found a shattered altar of Ashenzari.
  1755 | D:3      | Reached skill level 5 in Long Blades
  1760 | D:3      | Reached XP level 5. HP: 20/47 MP: 4/4
  2111 | D:3      | Found a glowing drain.
  2239 | Sewer    | Entered a sewer
  2416 | Sewer    | Reached skill level 5 in Fighting
  2416 | Sewer    | Reached skill level 5 in Armour
  2416 | Sewer    | Reached XP level 6. HP: 51/56 MP: 5/5
  2586 | Sewer    | Reached skill level 6 in Long Blades
  2799 | Sewer    | Reached XP level 7. HP: 59/62 MP: 6/6
  2846 | Sewer    | Reached skill level 7 in Long Blades
  3319 | D:3      | Found a blossoming altar of Fedhas.
  3916 | D:4      | Found a stormy altar of Qazlal.
  3924 | D:4      | Found a shimmering altar of Xom.
  3949 | D:4      | Found a radiant altar of Vehumet.
  3954 | D:4      | Found a white marble altar of Elyvilon.
  4025 | D:4      | Found an iron altar of Okawaru.
  4037 | D:4      | Became a worshipper of Warmaster Okawaru
  4108 | D:4      | Reached skill level 8 in Long Blades
  4359 | D:5      | Entered Level 5 of the Dungeon
  4488 | D:5      | Reached XP level 8. HP: 71/71 MP: 7/7
  4895 | D:5      | Reached * piety under Okawaru
  4895 | D:5      | Reached skill level 9 in Long Blades
  6283 | D:5      | Reached skill level 10 in Long Blades
  6324 | D:5      | Reached skill level 1 in Invocations
  6599 | D:5      | Reached XP level 9. HP: 81/81 MP: 9/9
  7170 | D:6      | Found a staircase to the Ecumenical Temple.
  7175 | Temple   | Entered the Ecumenical Temple
  8080 | D:7      | Reached skill level 5 in Shields
  8095 | D:7      | Reached ** piety under Okawaru
  8118 | D:7      | Noticed mandarbmax's ghost (novice FoFi)
  8143 | D:7      | Killed mandarbmax's ghost
  9740 | D:7      | Reached skill level 11 in Long Blades
  9917 | D:7      | Found a hazy altar of Hepliaklqana.
 10168 | D:8      | Reached XP level 10. HP: 73/91 MP: 11/11
 11627 | D:8      | Reached *** piety under Okawaru
 12177 | D:9      | Noticed Erica
 12196 | D:9      | Killed Erica
 12375 | D:9      | Reached skill level 10 in Fighting
 12446 | D:9      | Found a staircase to the Lair.
 12494 | D:9      | Reached **** piety under Okawaru
 12603 | D:9      | Reached skill level 12 in Long Blades
 12614 | D:9      | Reached skill level 10 in Shields
 13294 | D:9      | Found a roughly hewn altar of Beogh.
 13294 | D:9      | Found a staircase to the Orcish Mines.
 13324 | Orc:1    | Entered Level 1 of the Orcish Mines
 13326 | Orc:1    | Noticed an ogre mage
 13371 | D:10     | Entered Level 10 of the Dungeon
 13417 | D:10     | Reached ***** piety under Okawaru
 13417 | D:10     | Reached XP level 11. HP: 101/101 MP: 12/12
 13738 | D:10     | Found Poruatha's Antique Weapon Shop.
 13858 | D:10     | Noticed a hill giant
 13879 | D:10     | Killed a hill giant
 14041 | D:10     | Found a portal to a secret trove of treasure.
 14144 | D:11     | Noticed a hill giant
 14152 | D:10     | Killed a hill giant
 14528 | D:11     | Noticed a red ugly thing
 14530 | D:11     | Noticed a green ugly thing
 14551 | D:11     | Killed a cyan ugly thing
 14555 | D:11     | Killed a cyan ugly thing
 14555 | D:11     | Received a gift from Okawaru
 14563 | D:11     | Got a bloodstained triple sword {god gift}
 15277 | D:11     | Reached skill level 13 in Long Blades
 15277 | D:11     | Reached skill level 5 in Invocations
 15311 | D:11     | Noticed a purple ugly thing
 15322 | D:11     | Killed a purple ugly thing
 15813 | D:11     | Noticed a hill giant
 15823 | D:11     | Killed a hill giant
 15831 | D:11     | Received a gift from Okawaru
 15919 | D:11     | Noticed a hill giant
 15927 | D:11     | Killed a hill giant
 16073 | Lair:1   | Entered Level 1 of the Lair of Beasts
 16105 | Lair:1   | Reached XP level 12. HP: 94/111 MP: 15/15
 16247 | Lair:1   | Reached ****** piety under Okawaru
 16275 | Lair:1   | Received a gift from Okawaru
 17405 | Lair:1   | Identified the +8 triple sword of Jycvoupy {slice, Int+6} (Okawaru gifted it to you on level 11 of the Dungeon)
 17871 | Lair:2   | Noticed a four-headed hydra
 17890 | Lair:2   | Killed a one-headed hydra
 18155 | Lair:2   | Reached skill level 14 in Long Blades
 18727 | Lair:3   | Found a staircase to the Swamp.
 19104 | Lair:3   | Noticed a six-headed hydra
 19116 | Lair:3   | Killed a two-headed hydra
 19294 | Lair:3   | Reached XP level 13. HP: 113/119 MP: 16/18
 19297 | Lair:3   | Received a gift from Okawaru
 19823 | Lair:3   | Reached skill level 10 in Armour
 19879 | Lair:3   | Received a gift from Okawaru
 19944 | Lair:3   | Noticed a dire elephant
 19962 | Lair:3   | Killed a dire elephant
 21067 | Lair:4   | Found a staircase to the Snake Pit.
 21742 | Lair:4   | Reached skill level 15 in Long Blades
 22280 | Lair:5   | Received a gift from Okawaru
 22382 | Lair:5   | Reached XP level 14. HP: 130/130 MP: 16/19
 23002 | Lair:6   | Entered Level 6 of the Lair of Beasts
 24207 | Lair:6   | Got a dazzling chain mail
 24222 | Lair:6   | Identified the +2 chain mail "Kosmar" {+Inv Regen+ MP+9 Stlth-} (You found it on level 6 of the Lair of Beasts)
 24561 | Lair:6   | Found a staircase to the Slime Pits.
 24565 | Lair:6   | Noticed Nessos
 24580 | Lair:6   | Killed Nessos
 24580 | Lair:6   | Reached skill level 15 in Shields
 24696 | Lair:6   | Received a gift from Okawaru
 24826 | Lair:6   | Reached skill level 1 in Dodging
 25959 | Orc:2    | Entered Level 2 of the Orcish Mines
 26008 | Orc:2    | Found a roughly hewn altar of Beogh.
 26205 | Orc:2    | Found a staircase to the Elven Halls.
 26316 | Orc:2    | Reached skill level 16 in Long Blades
 26353 | Orc:2    | Reached XP level 15. HP: 82/139 MP: 18/20
 26670 | Orc:2    | Reached skill level 5 in Dodging
 26742 | Orc:2    | Found Gapixyno's Book Boutique.
 26747 | Orc:2    | Found Juck's Antique Armour Shop.
 26784 | Orc:2    | Found Fehimoc's Book Emporium.
 26789 | Orc:2    | Found Najos's Magic Scroll Shop.
 26808 | Orc:2    | Bought a scroll of teleportation for 42 gold pieces
 26819 | Orc:2    | Bought a pair of runed gloves for 117 gold pieces
 26819 | Orc:2    | Bought a glowing hat for 104 gold pieces
 27460 | Lair:3   | Reached skill level 15 in Fighting
 27467 | Swamp:1  | Entered Level 1 of the Swamp
 27600 | Swamp:1  | Received a gift from Okawaru
 29312 | Swamp:2  | Received a gift from Okawaru
 29321 | Swamp:2  | Got a translucent falchion {god gift}
 29322 | Swamp:2  | Identified the +2 falchion of Amorality {pain, rF+ Str+2 Dex+3} (Okawaru gifted it to you on level 2 of the Swamp)
 30734 | Swamp:3  | Noticed a thorn hunter
 30799 | Swamp:3  | Reached skill level 15 in Armour
 30802 | Swamp:3  | Received a gift from Okawaru
 30875 | Swamp:4  | Entered Level 4 of the Swamp
 31161 | Swamp:4  | Reached XP level 16. HP: 135/151 MP: 21/21
 31188 | Swamp:4  | Reached skill level 17 in Long Blades
 31428 | Swamp:4  | Received a gift from Okawaru
 31638 | Swamp:4  | Got a decaying rune of Zot
 31693 | Swamp:4  | Reached skill level 10 in Dodging
 31896 | Swamp:3  | Killed a thorn hunter
 32135 | Lair:4   | Upgraded the game from 0.19-a0-1670-gc28a5d9 to 0.19-a0-1673-g1c1b307
 32139 | Snake:1  | Entered Level 1 of the Snake Pit
 32304 | Snake:1  | Noticed Frances
 32314 | Snake:1  | Killed Frances
 32320 | Snake:1  | Found Foren's Assorted Antiques.
 32334 | Snake:1  | Bought a scroll of teleportation for 84 gold pieces
 32334 | Snake:1  | Bought 2 potions of curing for 168 gold pieces
 32334 | Snake:1  | Bought a potion of curing for 84 gold pieces
 32509 | Snake:1  | Received a gift from Okawaru
 32517 | Snake:1  | Got a faintly humming chain mail {god gift}
 32528 | Snake:1  | Identified the +1 chain mail of Qiergh {*Corrode rElec rF+ Int+6} (Okawaru gifted it to you on level 1 of the Snake Pit)
 32557 | Snake:1  | Identified a scroll of acquirement
 32560 | Snake:1  | Got a pair of shimmering boots
 32900 | Snake:1  | Identified the +3 pair of boots of Henotheism {Str+6} (You acquired it on level 1 of the Snake Pit)
 33613 | Snake:2  | Found Zuxein's Gadget Shop.
 34445 | Snake:2  | Received a gift from Okawaru
 34450 | Snake:2  | Got a brightly glowing scale mail {god gift}
 34517 | Snake:2  | Identified the +0 scale mail "Weq Puzist" {rN+} (Okawaru gifted it to you on level 2 of the Snake Pit)
 34568 | Snake:2  | Found Hiereer's Gadget Shop.
 34568 | Snake:2  | Found Dourarif's Jewellery Emporium.
 34569 | Snake:2  | Found Huun's Jewellery Emporium.
 34585 | Snake:2  | Bought a +4 ring of slaying for 1092 gold pieces
 34879 | Snake:3  | Reached skill level 18 in Long Blades
 34885 | Snake:3  | Reached XP level 17. HP: 158/161 MP: 22/22
 35126 | Snake:3  | Got a vibrating jade ring
 35133 | Snake:3  | Identified the ring "Wobah" {rPois Dex+3 Slay+2 SInv} (You found it on level 3 of the Snake Pit)
 35234 | Snake:3  | Found a stormy altar of Qazlal.
 35531 | Snake:4  | Entered Level 4 of the Snake Pit
 36946 | Snake:4  | Received a gift from Okawaru
 36976 | Snake:4  | Reached skill level 10 in Invocations
 37829 | Snake:4  | Got a serpentine rune of Zot
 37875 | Snake:4  | Received a gift from Okawaru
 37898 | Snake:4  | Got a pair of steaming gloves {god gift}
 38184 | Snake:4  | Identified the +0 pair of gloves of Okawaru's Reproof {rPois Str+2 Int-4} (Okawaru gifted it to you on level 4 of the Snake Pit)
 38621 | D:12     | Reached XP level 18. HP: 171/171 MP: 25/25
 39371 | D:13     | Found Litiveco's Gadget Boutique.
 39770 | D:14     | Found a gate to the Vaults.
 39951 | D:14     | Found a basalt altar of Yredelemnul.
 40359 | D:14     | Found a frozen archway.
 40553 | D:15     | Entered Level 15 of the Dungeon
 40924 | D:15     | Found a shadowy altar of Dithmenos.
 41306 | D:15     | Received a gift from Okawaru
 41420 | D:15     | Found a staircase to the Depths.
 41698 | Vaults:1 | Entered Level 1 of the Vaults
 41709 | Vaults:1 | Reached skill level 19 in Long Blades
 42150 | Vaults:1 | Paralysed by an orc sorcerer for 6 turns
 42992 | Vaults:1 | Received a gift from Okawaru
 43282 | Vaults:1 | Reached XP level 19. HP: 113/181 MP: 26/26
 43766 | Vaults:1 | HP: 7/182 [vault warden/glaive of venom (15)]
 44896 | Vaults:2 | Received a gift from Okawaru
 45016 | Vaults:2 | Found a staircase to the Crypt.
 45019 | Vaults:2 | Paralysed by a vampire knight for 6 turns
 45319 | Vaults:2 | Noticed Sojobo
 45355 | Vaults:2 | Killed Sojobo
 46114 | Vaults:2 | Noticed Donald
 46122 | Vaults:2 | Killed Donald
 46238 | Vaults:2 | Reached skill level 20 in Long Blades
 47143 | Vaults:2 | Received a gift from Okawaru
 47146 | Vaults:2 | Got a translucent animal skin {god gift}
 47157 | Vaults:2 | Identified the +1 animal skin of Mitesh {MR+ Regen+ Str+3 Dex+6} (Okawaru gifted it to you on level 2 of the Vaults)
 47366 | Vaults:3 | Noticed Nikola
 47379 | Vaults:3 | Killed Nikola
 48038 | Vaults:3 | Reached XP level 20. HP: 193/193 MP: 27/27
 48448 | Vaults:3 | Reached skill level 15 in Dodging
 48849 | Vaults:3 | Received a gift from Okawaru
 50222 | Vaults:4 | Reached skill level 21 in Long Blades
 50354 | Vaults:4 | Received a gift from Okawaru
 50357 | Vaults:4 | Got a shimmering long sword {god gift}
 50360 | Vaults:4 | Identified the +3 long sword of Propriety {flame, Int+4} (Okawaru gifted it to you on level 4 of the Vaults)
 51246 | Vaults:4 | Found a snail-covered altar of Cheibriados.
 51520 | Vaults:5 | Entered Level 5 of the Vaults
 51526 | Vaults:5 | Received a gift from Okawaru
 51541 | Vaults:5 | Noticed an ancient lich
 51569 | Vaults:5 | Killed an ancient lich
 51569 | Vaults:5 | Reached XP level 21. HP: 177/203 MP: 24/28
 51586 | Vaults:5 | Noticed a golden dragon
 51629 | Vaults:5 | Killed a golden dragon
 52134 | Vaults:5 | Noticed a golden dragon
 52213 | Vaults:5 | Received a gift from Okawaru
 52664 | Vaults:5 | Killed a golden dragon
 52719 | Vaults:5 | Reached skill level 22 in Long Blades
 52770 | Vaults:5 | Received a gift from Okawaru
 52771 | Vaults:5 | Got a scorched crystal plate armour {god gift}
 53247 | Vaults:5 | Identified the +5 crystal plate armour of the Invisible Hand {Dex+3} (Okawaru gifted it to you on level 5 of the Vaults)
 53403 | Vaults:5 | Reached XP level 22. HP: 195/214 MP: 29/29
 53501 | Vaults:5 | HP: 6/215 [white very ugly thing (18)]
 53583 | Vaults:5 | Killed from afar by a titan

Vault maps used:
D:1:      nicolae_arrival_washed_ashore, grunt_decor_fettered, minmay_bisected
D:2:      nicolae_overflow_hidden_temple, st_stairs_1
D:3:      portal_sewer_entry_c, fedhas_altar_2
D:4:      okawaru_ov_weapons_minmay, minitemple, minmay_crystal_water
D:5:      lemuel_castle_with_subvaults, first_bread
D:6:      wad_river_or_something, roderic_batcave
D:7:      basic_altar
D:8:      minmay_bloctagon_deflated
D:9:      due_lair_maze_entry_diamond, david_orc_5, uniq_erica
D:10:     nicolae_trove_entry_crystal, serial_shops, shop, hangedman_fish_farm
D:11:     lab_entry_generic
D:13:     serial_shops, kennysheep_little_box
D:14:     david_vaults_2, basic_altar, portal_ice_cave_rime,
          grunt_decor_mini_mirrors, evilmike_butchery
D:15:     hangedman_depths_entry_civil_slaughter,
          nicolae_dithmenos_shadow_blocks
Temple:   eino_wide_crystal_templ
Lair:2:   grunt_megastairs_5
Lair:3:   mu_elephants_graveyard, swamp_mist
Lair:4:   dpeg_oklob_gauntlet, minmay_snake_entry_guardpost_medium,
          infiniplex_staircase_pool, lemuel_fruit_tree
Lair:5:   minmay_guarded_unrand_snakebite, grunt_forest_large_clearings
Lair:6:   evilmike_catoblepas_cave, minmay_slime_entry_pillars, uniq_nessos
Swamp:1:  hangedman_swamp_cone, swamp_pool1, st_swamp_ruins_2
Swamp:2:  serial_swamp_ruin, evilmike_swamp_ruin_house_1,
          evilmike_swamp_ruin_house_6
Swamp:3:  evilmike_swamp_ruin_house_3
Swamp:4:  swamp_alternative, nicolae_swamp_round_clearing, swamp_pool3
Snake:1:  serial_shops, shop, nrook_guardian_serpent_double, grunt_megastairs_1,
          uniq_frances
Snake:2:  serial_shops, shop, st_stairs_2, grunt_ministairs_7, minmay_shop_grove
Snake:3:  cheibrodos_snake_ritualist_ritual, special_room, basic_altar,
          spider_trap
Snake:4:  johnstein_snake_rune_scales
Orc:2:    st_orc_open, basic_altar, mumra_transporter_accident,
          nicolae_orc_bridge_out
Vaults:1: v_rooms_4, nicolae_vaults_windows_and_doors_thing, v_misc_25,
          grunt_vaults_swirl, nicolae_vaults_what_the_h, grunt_vaults_twisty,
          kb_rosetta, vaults_dpeg_doors, v_misc_28, v_misc_25,
          grunt_vaults_focal, serial_shops, nicolae_shop_trees
Vaults:2: v_rooms_4, nicolae_vaults_twisting_passages,
          minmay_crypt_entry_simple_sparse, grunt_vaults_diagonal, v_misc_17,
          v_alt_pattern_2, vaults_mumra_minichess_inversion, v_alt_pattern_1,
          vaults_room_corners, nicolae_vaults_network_square, uniq_sojobo,
          uniq_donald
Vaults:3: hangedman_vaults_unwind, nicolae_vaults_puzzle_piece,
          ontoclasm_vaults_gateway, vaults_room_door_ring,
          nicolae_vaults_little_squares_5, v_rooms_5,
          nicolae_vaults_network_quinsquares, nicolae_vaults_three_branches,
          vaults_standard_mumra_enter_the_diamond, v_misc_24,
          hangedman_vaults_stretched_pinwheel, st_lines, v_misc_22, uniq_nikola
Vaults:4: ontoclasm_vaults_claustrophobia, nicolae_vaults_little_squares_4,
          vaults_room_guarded_vault, nicolae_vaults_theta, v_misc_12,
          basic_altar
Sewer:    sewer_co_tree

Skill      XL: |  1  2  3  4  5  6  7  8  9 10 11 12 13 14 15 16 17 18 19 20 21 |
---------------+----------------------------------------------------------------+-----
Long Blades    | 3 4 5 6 8 10 11 12 13 14 15 16 18 19 20 21 22 | 22.2
Fighting       | 4 5 6 7 9 10 11 12 13 14 15 17 18 19 20 21 | 21.8
Armour         | 4 5 6 7 8 12 14 15 16 18 19 20 21 | 21.1
Invocations    | 2 3 6 8 10 11 | 11.0
Shields        | 7 10 12 13 14 15 | 15.0
Dodging        | 4 9 11 12 13 14 16 17 | 17.4

Action                   |  1- 3 |  4- 6 |  7- 9 | 10-12 | 13-15 | 16-18 | 19-21 | 22-24 || total
-------------------------+-------+-------+-------+-------+-------+-------+-------+-------++-------
Melee: Long sword        |    82 |   188 |   601 |   139 |       |       |       |       ||  1010
       Headbutt          |    15 |    35 |   136 |   201 |   495 |   479 |   479 |     9 ||  1849
       Scimitar          |       |       |       |   732 |  1548 |   177 |       |       ||  2457
       Demon blade       |       |       |       |       |       |  1245 |  1266 |    32 ||  2543
Throw: Tomahawk          |       |       |       |    11 |     1 |       |     2 |       ||    14
Invok: Heroism           |       |       |     5 |    13 |    20 |    13 |    12 |     1 ||    64
       Finesse           |       |       |       |     1 |     3 |     5 |     4 |       ||    13
Evoke: Wand              |       |       |     3 |       |     8 |       |     2 |       ||    13
  Use: Potion            |       |     2 |     3 |     4 |     3 |     8 |     9 |     4 ||    33
       Scroll            |       |     1 |    15 |     8 |    14 |    16 |    13 |     3 ||    70
 Stab: Distracted        |       |       |       |     1 |     1 |       |       |       ||     2
       Petrified         |       |       |       |       |     1 |       |       |       ||     1
       Petrifying        |       |       |       |       |     1 |       |       |       ||     1
       Confused          |       |       |       |       |     1 |       |       |       ||     1
       Fleeing           |       |       |       |       |       |     1 |       |       ||     1
  Eat: Chunk             |       |     7 |    19 |    25 |    46 |    30 |    20 |       ||   147
       Bread ration      |       |       |     1 |     1 |       |     1 |     2 |       ||     5
       Meat ration       |       |       |       |       |     1 |       |       |       ||     1
       Fruit             |       |       |       |       |       |       |     5 |       ||     5
Armor: Scale mail        |    29 |    61 |    19 |       |       |       |       |       ||   109
       Ring mail         |       |       |    30 |       |       |       |       |       ||    30
       Chain mail        |       |       |   165 |     2 |       |       |       |       ||   167
       Plate armour      |       |       |       |   227 |   455 |   391 |    62 |       ||  1135
       Crystal plate arm |       |       |       |       |       |       |   232 |    15 ||   247
Dodge: Dodged            |    28 |    42 |   181 |   110 |   300 |   480 |   387 |    14 ||  1542
Block: Shield            |    37 |    89 |    30 |   302 |   717 |   814 |   614 |    19 ||  2622
